 Dungeon Crawl Stone Soup version 0.15.2 (webtiles) character file.

27407 Heini the Bludgeoner (level 13, 0/125 HPs)
             Began as a Minotaur Fighter on Mar 8, 2015.
             Was a High Priest of Okawaru.
             Killed from afar by a manticore (21 damage)
             ... with a volley of spikes
             ... on Level 11 of the Dungeon.
             The game lasted 00:47:02 (16765 turns).

Heini the Bludgeoner (Minotaur Fighter)            Turns: 16765, Time: 00:47:02

HP   0/125       AC 27     Str 25      XL: 13   Next:  4%
MP   5/5         EV  5     Int  5      God: Okawaru [*****.]
Gold 1718        SH 10     Dex 11      Spells:  0 memorised, 12 levels left

rFire  . . .     SeeInvis .     a - +1 flail
rCold  . . .     Clarity  .     F - +0 plate armour
rNeg   + . .     rCorr    .     u - +0 shield
rPois  .         rRot     .     q - +2 hat
rElec  .         Spirit   .     i - +0 cloak
SustAb .         Warding  .     y - +2 pair of gloves
rMut   .         Stasis   .     g - +2 pair of boots
Gourm  .                        (no amulet)
MR     .....                    (no ring)
                                J - ring of positive energy

@: manticore barbs, not resistant to hostile enchantments, extremely unstealthy
A: retaliatory headbutt, horns 2
a: Heroism, Finesse, Renounce Religion


You were on level 11 of the Dungeon.
You worshipped Okawaru.
Okawaru was extremely pleased with you.
You were near starving.

You visited 4 branches of the dungeon, and saw 18 of its levels.
You also visited: Sewer and Ice Cave.

You collected 1718 gold pieces.

Inventory:

Hand weapons
 a - a +1 flail (weapon)
Armour
 g - a +2 pair of boots (worn)
 i - a +0 cloak (worn)
 q - a +2 hat (worn)
 u - a +0 shield (worn)
 y - a +2 pair of gloves (worn)
 F - a +0 plate armour (worn)
Magical devices
 o - a wand of digging (13)
 p - a wand of lightning (6) {unknown}
 s - a wand of disintegration (9) {unknown}
 x - a wand of enslavement (11) {unknown}
 z - a wand of hasting (6) {unknown}
 G - a wand of slowing (16) {unknown}
 I - a wand of paralysis (15) {unknown}
 K - a wand of enslavement (15) {unknown}
Comestibles
 d - 3 bread rations
 f - 11 meat rations
 k - 4 beef jerkies
 D - 23 fruits
Scrolls
 b - 2 scrolls of recharging
 c - a scroll of holy word {unknown}
 j - a scroll of vulnerability {unknown}
 m - 2 scrolls of enchant weapon
 n - 4 scrolls of teleportation
 t - a scroll of blinking
 v - 7 scrolls of remove curse
 E - 2 scrolls of fear
 L - 3 scrolls of fog
Jewellery
 J - a ring of positive energy (left hand)
Potions
 e - a potion of might
 h - 4 potions of restore abilities
 l - 2 potions of curing
 r - 2 potions of haste {unknown}
 w - a potion of flight {unknown}
 A - 3 potions of resistance
 B - a potion of magic
 H - a potion of cancellation
 M - a potion of lignification
 N - 2 potions of brilliance {unknown}
 O - 2 potions of invisibility
Books
 C - a book of the Tempests

   Spells                             Type                      Level
   Static Discharge                   Conjuration/Air              3
   Lightning Bolt                     Conjuration/Air              5
   Fireball                           Conjuration/Fire             5
   Tornado                            Air                          9
   Shatter                            Earth                        9


   Skills:
 * Level 14.5 Fighting
 * Level 16.2 Maces & Flails
 * Level 14.0 Armour
 - Level 3.6 Shields


You had 12 spell levels left.
You didn't know any spells.

Dungeon Overview and Level Annotations

Branches:
Dungeon (11/15)            Temple (1/1) D:4             Orc (3/4) D:10
    Elf (0/3) Orc:3          Lair (3/8) D:10
  Swamp: Lair:3-6    Shoals: Lair:3-6     Snake: Lair:3-6    Spider: Lair:3-6

Altars:
Ashenzari
Cheibriados
Dithmenos
Elyvilon
Fedhas
Kikubaaqudgha
Makhleb
Nemelex Xobeh
Okawaru
Qazlal
Sif Muna
Trog
Vehumet
Xom
Yredelemnul
Zin
The Shining One
Beogh

Shops:
D:10 =(::   Orc:1 ?%:}   Orc:3 (

Annotations:
D:10 Maurice


Innate Abilities, Weirdness & Mutations

You reflexively headbutt those who attack you in melee.
You have a pair of horns on your head.


Message History

You are too injured to fight recklessly!
You are too injured to fight recklessly!
You are too injured to fight recklessly!
You sock the orc!
You kill the orc!
The manticore flicks its tail!
The volley of spikes misses you.
The barbed spikes dig painfully into your body as you move.
* * * LOW HITPOINT WARNING * * *
Things that are here:
a flail; a tomahawk; an orc corpse The barbed spikes dig painfully into your body as you move.
* * * LOW HITPOINT WARNING * * *
The manticore flicks its tail!
The volley of spikes skewers you!
The barbed spikes become lodged in your body.
* * * LOW HITPOINT WARNING * * *
The barbed spikes dig painfully into your body as you move.
* * * LOW HITPOINT WARNING * * *
The manticore flicks its tail!
The volley of spikes skewers you!
The barbed spikes become lodged in your body.
You die...

#... ##........
##..........
#............
#.............
#.............#
#............#
#............#
#....@.H...#
##...).....#
##..%))...# .
##..(....###....
#...(....#.....
#.....<..#......
#....%%%.........
#.................
#...............#


You could see a manticore.

Vanquished Creatures
  Donald (Orc:3)
  A hydra (Lair:3)
  The ghost of Heini the Basher, a powerful MiFi of Okawaru (D:10)
  Harold (Orc:3)
  A rakshasa (D:10)
  A centaur warrior (D:10)
  The ghost of Aargh the Ruffian, an experienced TrCK of Xom (Lair:1)
  An unseen horror (D:10)
  A hill giant (D:10)
  An ice statue (IceCv)
  Pikel (D:7)
  An orc knight (D:10)
  An ugly thing (D:10)
  A red wasp (D:10)
  A griffon (D:10)
  2 black mambas (Lair:1)
  A cyclops (D:10)
  5 spiny frogs
  A komodo dragon (Lair:3)
  A fire drake (Lair:1)
  A troll (D:10)
  Grinder (D:5)
  3 basilisks
  20 yaks
  A hill giant zombie (D:9)
  4 wandering mushrooms (D:9)
  A water elemental (D:11)
  A wyvern (Lair:3)
  Eustachio (D:4)
  5 deep elf magi
  A steam dragon (D:10)
  3 wargs
  A mottled dragon (D:10)
  Edmund (D:4)
  4 porcupines
  A deep troll zombie (D:10)
  The ghost of ghwc the Skirmisher, an average OgMo (D:3)
  11 ice beasts
  A sky beast (D:10)
  A water moccasin (Lair:3)
  14 orc warriors
  3 phantoms
  7 ogres
  2 black bears (D:9)
  5 centaurs
  A necrophage (D:9)
  6 crocodiles
  Duvessa (D:6)
  10 giant frogs
  A gnoll sergeant (D:8)
  3 scorpions
  An eye of draining (D:9)
  11 killer bees
  3 jellies
  2 oklob saplings (D:9)
  A hippogriff skeleton (D:6)
  6 crimson imps
  5 hounds
  3 goliath beetles
  2 centaur zombies
  Dowan (D:6)
  Crazy Yiuf (D:6)
  11 orc priests
  5 worker ants
  9 iguanas
  2 iron imps
  Natasha (twice) (D:6)
  15 orc wizards
  A sky beast zombie (D:10)
  4 sheep (Lair:1)
  Ijyb (D:7)
  A hound skeleton (D:8)
  15 adders
  10 gnolls
  15 green rats
  4 shadow imps
  5 giant mites
  2 inept item mimics
  3 worms (D:2)
  An ufetubus (D:11)
  An iguana skeleton (D:8)
  9 giant geckos
  An ooze (D:3)
  136 orcs
  5 ball pythons
  A bat zombie (D:5)
  11 giant cockroaches
  11 goblins
  18 hobgoblins
  19 jackals
  20 kobolds
  10 quokkas
  13 bats
  6 giant newts
  A giant spore (D:8)
  A goblin skeleton (D:5)
  A hobgoblin skeleton (D:5)
  2 kobold skeletons
  2 kobold zombies (D:5)
  2 orc skeletons
  A quokka skeleton (D:4)
  16 rats
  A ballistomycete (D:8)
  2 fungi (D:6)
573 creatures vanquished.

Vanquished Creatures (others)
  A crimson imp (D:7)
  A kobold (D:7)
  A bat (D:7)
3 creatures vanquished.

Grand Total: 576 creatures vanquished

Notes
Turn   | Place    | Note
--------------------------------------------------------------
     0 | D:1      | Heini, the Minotaur Fighter, began the quest for the Orb.
     0 | D:1      | Reached XP level 1. HP: 19/19 MP: 1/1
   123 | D:1      | Reached skill level 4 in Armour
   165 | D:1      | Reached XP level 2. HP: 27/27 MP: 1/1
   824 | D:1      | Reached XP level 3. HP: 31/33 MP: 2/2
  1471 | D:2      | Reached XP level 4. HP: 37/41 MP: 2/2
  1514 | D:2      | Found a bloodstained altar of Trog.
  1519 | D:2      | Reached skill level 5 in Armour
  1580 | D:3      | Noticed ghwc's ghost (average OgMo)
  1589 | D:3      | Killed ghwc's ghost
  1589 | D:3      | Reached skill level 5 in Fighting
  1589 | D:3      | Reached XP level 5. HP: 42/48 MP: 2/2
  2208 | D:4      | Found a deep blue altar of Sif Muna.
  2229 | D:4      | Noticed an ogre
  2236 | D:4      | Killed an ogre
  2236 | D:4      | Reached XP level 6. HP: 46/56 MP: 3/3
  2253 | D:4      | Reached skill level 5 in Maces & Flails
  2329 | D:4      | Found a staircase to the Ecumenical Temple.
  2337 | Temple   | Entered the Ecumenical Temple
  2484 | D:4      | Noticed Eustachio
  2489 | D:4      | Reached skill level 6 in Armour
  2521 | D:4      | Killed Eustachio
  2521 | D:4      | Reached XP level 7. HP: 38/62 MP: 3/3
  2536 | D:4      | Noticed an ogre
  2543 | D:4      | Killed an ogre
  2593 | D:4      | Noticed Edmund
  2606 | D:4      | Killed Edmund
  2622 | D:4      | Noticed a phantom
  2665 | D:4      | Killed a phantom
  2665 | D:4      | Reached skill level 7 in Armour
  2694 | D:4      | Found a glowing drain.
  2713 | Sewer    | Entered a sewer
  3381 | D:5      | Entered Level 5 of the Dungeon
  3411 | D:5      | Reached XP level 8. HP: 57/73 MP: 3/3
  3539 | D:5      | Noticed Grinder
  3548 | D:5      | Killed Grinder
  3548 | D:5      | Reached skill level 8 in Maces & Flails
  4255 | D:6      | Noticed Natasha
  4258 | D:6      | Killed Natasha
  4383 | D:6      | Found a radiant altar of Vehumet.
  4584 | D:6      | Noticed Dowan
  4586 | D:6      | Noticed Duvessa
  4595 | D:6      | Killed Dowan
  4595 | D:6      | Reached skill level 9 in Maces & Flails
  4599 | D:6      | Killed Duvessa
  4700 | D:6      | Noticed Natasha
  4715 | D:6      | Killed Natasha
  4759 | D:6      | Noticed Crazy Yiuf
  4772 | D:6      | Killed Crazy Yiuf
  4772 | D:6      | Reached XP level 9. HP: 62/82 MP: 4/4
  4845 | D:7      | Noticed Ijyb
  4856 | D:7      | Killed Ijyb
  4867 | D:7      | Noticed Pikel
  4888 | D:7      | Killed Pikel
  4888 | D:7      | Reached skill level 10 in Maces & Flails
  5232 | D:7      | Found a basalt altar of Yredelemnul.
  5312 | D:7      | Found a deep blue altar of Sif Muna.
  5320 | D:7      | Reached skill level 10 in Fighting
  5833 | D:8      | Reached skill level 11 in Maces & Flails
  6143 | D:8      | Found an ancient bone altar of Kikubaaqudgha.
  6175 | D:8      | Reached XP level 10. HP: 94/94 MP: 4/4
  6376 | D:8      | Found a glowing silver altar of Zin.
  6377 | D:8      | Found a white marble altar of Elyvilon.
  6378 | D:8      | Found a deep blue altar of Sif Muna.
  6379 | D:8      | Found an iron altar of Okawaru.
  6386 | D:8      | Became a worshipper of Warmaster Okawaru
  7247 | D:9      | Reached skill level 10 in Armour
  7372 | D:9      | Reached skill level 12 in Maces & Flails
  7425 | D:9      | Acquired Okawaru's first power
  7544 | D:9      | Found a blossoming altar of Fedhas.
  7811 | D:10     | Entered Level 10 of the Dungeon
  7945 | D:10     | Found Zier's Book Emporium.
  7969 | D:10     | Found Xoacat's Book Emporium.
  7969 | D:10     | Noticed a rakshasa
  8007 | D:10     | Killed a rakshasa
  8007 | D:10     | Reached skill level 13 in Maces & Flails
  8019 | D:10     | Reached XP level 11. HP: 40/104 MP: 4/4
  8189 | D:10     | Found Jaomadoada's Antique Weapon Emporium.
  8238 | D:10     | Noticed a hill giant
  8246 | D:10     | Killed a hill giant
  8375 | D:10     | Found a staircase to the Lair.
  8409 | D:10     | Noticed Heini's ghost (powerful MiFi)
  8438 | D:10     | Killed Heini's ghost
  8474 | D:10     | Found a staircase to the Orcish Mines.
  8507 | D:10     | Found Koesm's Jewellery Shoppe.
  8546 | D:10     | Noticed Maurice
  8591 | Orc:1    | Entered Level 1 of the Orcish Mines
  8591 | Orc:1    | Found Nybliyth's Gadget Boutique.
  8921 | D:10     | Noticed an orc knight
  8942 | D:10     | Killed an orc knight
  8970 | D:10     | Noticed a centaur warrior
  8976 | D:10     | Killed a centaur warrior
  9066 | D:10     | Noticed a red wasp
  9069 | D:10     | Paralysed by a red wasp for 3 turns
  9077 | D:10     | Killed a red wasp
  9198 | D:10     | Noticed a griffon
  9205 | D:10     | Killed a griffon
  9308 | D:10     | Noticed a cyclops
  9315 | D:10     | Killed a cyclops
  9315 | D:10     | Reached skill level 14 in Maces & Flails
  9480 | D:10     | Killed an unseen horror
  9619 | D:10     | Found a roughly hewn altar of Beogh.
 11038 | Orc:1    | Found Saroisiusu's Magic Scroll Emporium.
 11085 | Orc:1    | Found Koluj Urr's Book Boutique.
 11244 | Orc:1    | Found Viraire's Food Boutique.
 11397 | Orc:3    | Noticed Harold
 11399 | Orc:3    | Noticed Donald
 11413 | Orc:3    | Killed Harold
 11413 | Orc:3    | Reached XP level 12. HP: 70/115 MP: 5/5
 11447 | Orc:3    | Killed Donald
 11739 | Orc:3    | Found a staircase to the Elven Halls.
 11802 | Orc:3    | Found Briosm's Weapon Emporium.
 12154 | Orc:3    | Reached skill level 15 in Maces & Flails
 12685 | Lair:1   | Entered Level 1 of the Lair of Beasts
 12752 | Lair:1   | Noticed Aargh's ghost (experienced TrCK)
 12755 | Lair:1   | Acquired Okawaru's second power
 12785 | Lair:1   | Killed Aargh's ghost
 13248 | Lair:1   | Received a gift from Okawaru
 13290 | Lair:1   | Identified a scroll of acquirement
 13293 | Lair:1   | Got a jewelled shield
 13304 | Lair:1   | Identified the -3 shield "Veofeu" {+Rage Str+3} (You acquired it on level 1 of the Lair of Beasts)
 14559 | Lair:2   | Found a frozen archway.
 14568 | IceCv    | Entered an ice cave
 15561 | Lair:3   | Noticed a five-headed hydra
 15574 | Lair:3   | Killed a five-headed hydra
 15574 | Lair:3   | Reached skill level 16 in Maces & Flails
 15580 | Lair:3   | Received a gift from Okawaru
 15607 | Lair:3   | Found an ancient bone altar of Kikubaaqudgha.
 16199 | Lair:3   | Reached XP level 13. HP: 125/125 MP: 5/5
 16553 | Lair:3   | Noticed an eight-headed hydra
 16765 | D:11     | Killed from afar by a manticore

Action                   |  1- 3 |  4- 6 |  7- 9 | 10-12 | 13-15 || total
-------------------------+-------+-------+-------+-------+-------++-------
Melee: Flail             |   108 |   121 |   551 |  1279 |    38 ||  2097
  Use: Scroll            |       |     8 |     6 |    15 |       ||    29
       Potion            |       |       |       |     6 |       ||     6
  Eat: Chunk             |     2 |     2 |    13 |    32 |       ||    49
       Pizza             |       |     1 |       |       |       ||     1
       Fruit             |       |       |       |     1 |       ||     1
